 Dungeon Crawl Stone Soup version 0.27-a0-46-g34d46f0a3f (webtiles) character file.

Game seed: 11781900907170863104

270 Borgoz the Ducker (level 6, -2/52 HPs)
             Began as a Ghoul Monk on Jan 6, 2021.
             Slain by an orc priest
             ... wielding a +0 war axe
              (8 damage)
             ... on level 4 of the Dungeon.
             The game lasted 00:04:02 (4044 turns).

Borgoz the Ducker (Ghoul Monk)                      Turns: 4044, Time: 00:04:03

Health: -2/52      AC:  6    Str: 15 (16) XL:     6   Next: 22%
Magic:  5/5        EV: 13    Int:  5      God:
Gold:   178        SH:  0    Dex: 10 (12) Spells: 5/5 levels left

rFire    . . .     SeeInvis .   a - +0 falchion
rCold    + + .     Faith    .   (no shield)
rNeg     + + +     Spirit   .   j - +1 leather armour {rC+}
rPois    ∞         Reflect  .   b - +0 helmet
rElec    .         Harm     .   (no cloak)
rCorr    .         Rampage  .   (no gloves)
Will     .....                  g - +0 pair of boots
Stlth    ++........             (no amulet)
HPRegen  0.00/turn              (no ring)
MPRegen  0.09/turn              (no ring)

@: slowed, very slow
A: claws 1, cold resistance 1, negative energy resistance 3, inhibited
regeneration, torment resistance, unbreathing
a: no special abilities


You were on level 4 of the Dungeon.
You visited 1 branch of the dungeon, and saw 4 of its levels.

You collected 178 gold pieces.

Inventory:

Hand Weapons
 a - a +0 falchion (weapon)
 h - a +2 long sword of holy wrath
Armour
 b - a +0 helmet (worn)
 g - a +0 pair of boots (worn)
 j - a +1 leather armour of cold resistance (worn)
Scrolls
 c - a scroll of remove curse
 e - a scroll of fog


   Skills:
 + Level 4.1 Fighting
 * Level 4.1 Long Blades
 + Level 1.8 Armour
 * Level 4.2 Dodging
 - Level 2.1 Stealth


You had 5 spell levels left.
You didn't know any spells.
Your spell library was empty.

Dungeon Overview and Level Annotations

Branches:
Dungeon (4/15)
 Temple: D:4-7

Altars:
Elyvilon
Hepliaklqana
Nemelex Xobeh
Vehumet


Innate Abilities, Weirdness & Mutations

You thrive by killing the living.
You are immune to poison.
You have sharp fingernails.
Your flesh is cold resistant. (rC+)
You are immune to negative energy. (rN+++)
You do not regenerate when monsters are visible.
You are immune to unholy pain and torment.
You can survive without breathing.


Message History

You hit the orc.
You kill the orc!
You hit the orc priest.
The orc priest is heavily wounded.
The orc priest hits you with a +0 war axe.
* * * LOW HITPOINT WARNING * * *
The orc priest barely misses you.
You slash the orc priest!
The orc priest is almost dead.
The orc wizard mumbles some strange words.
The orc wizard blinks!
The orc priest hits you with a +0 war axe.
* * * LOW HITPOINT WARNING * * *
You hit the orc priest but do no damage.
The orc priest is almost dead.
The orc wizard hits you but does no damage.
The orc wizard barely misses you.
You riposte.
You slash the orc wizard!
The orc wizard is heavily wounded.
The orc priest hits you with a +0 war axe!
You die...

#. #.# #..##...#.#
##.##.# #..#......#
###...#.###..##.....###
.......................
#..<........###....###
#................#
####.##.###.#.#.##
#o.##.# #.#...# #@###.#
#.....# #o# #.# ####.##
#.# #.# #.# ... ..# #.#
#.# ### #.#### #.#
#....# #.# ####.# ..#
#.## #...


You could see an orc priest and an orc wizard (fast).

Vanquished Creatures
  A centaur (D:4)
  An orc wizard (D:4)
  Robin (D:2)
  3 adders
  An ooze (D:2)
  4 worms
  A dart slug (D:3)
  2 leopard geckos
  15 orcs
  6 bats
  3 giant cockroaches
  21 goblins
  9 hobgoblins
  6 kobolds
  2 ball pythons (D:3)
  5 frilled lizards
  7 rats
88 creatures vanquished.

Vanquished Creatures (others)
  4 plants (D:1)
4 creatures vanquished.

Grand Total: 92 creatures vanquished

Notes
Turn   | Place    | Note
-------+----------+-------------------------------------------
     0 | D:1      | Borgoz the Ghoul Monk began the quest for the Orb.
     0 | D:1      | Reached XP level 1. HP: 19/19 MP: 0/0
   204 | D:1      | Reached XP level 2. HP: 22/26 MP: 1/1
  1230 | D:2      | Found a radiant altar of Vehumet.
  1261 | D:2      | Reached XP level 3. HP: 18/31 MP: 2/2
  1874 | D:2      | Found a hazy altar of Hepliaklqana.
  1890 | D:2      | Noticed Robin
  1939 | D:2      | Reached skill level 1 in Armour
  1944 | D:2      | Reached XP level 4. HP: 34/39 MP: 3/3
  1960 | D:2      | Killed Robin
  2721 | D:3      | Found a white marble altar of Elyvilon.
  2814 | D:3      | Found a sparkling altar of Nemelex Xobeh.
  3084 | D:3      | Reached XP level 5. HP: 46/46 MP: 4/4
  3651 | D:4      | Noticed a centaur
  3670 | D:4      | Killed a centaur
  3671 | D:4      | Reached XP level 6. HP: 28/52 MP: 5/5
  4044 | D:4      | Slain by an orc priest

Illustrated notes

Levels and vault maps discovered:
D:1:      heliophobic_arrival_henge, layout_basic, serial_forest,
          infiniplex_forest_split, infiniplex_forest_clump_large,
          infiniplex_forest_lined_3, infiniplex_forest_clump_cross,
          infiniplex_forest_clump_cross, infiniplex_forest_corner_1,
          infiniplex_forest_end_1, infiniplex_forest_straight_1,
          infiniplex_forest_straight_2, minmay_bisected
D:2:      layout_loops_corners, vehumet_crystals, lemuel_doored_altar,
          corexii_item_surrounded_by_moat, uniq_robin
D:3:      layout_basic, old_standard_altar, elyvilon_altar_5
D:4:      layout_loops_corners, minmay_temple_entry_hall,
          minmay_misc_feat_diagonals

Skill      XL: |  1  2  3  4  5 |
---------------+----------------+-----
Long Blades    | 3 4 |  4.1
Dodging        | 3 4 |  4.2
Armour         | 1 |  1.8
Fighting       | 4 |  4.1
Stealth        | |  2.1

Action                   |  1- 3 |  4- 6 || total
-------------------------+-------+-------++-------
Melee: Falchion          |   119 |   229 ||   348
  Use: Scroll            |     3 |     2 ||     5
       Potion            |     2 |     5 ||     7
 Stab: Invisible         |     1 |     1 ||     2
       Sleeping          |       |     4 ||     4
Armor: Ring mail         |    35 |     7 ||    42
       Leather armour    |       |    64 ||    64
Dodge: Dodged            |    71 |   173 ||   244
       Rpst.: Falchion   |    24 |    55 ||    79

Table legend: (Time is in decaauts)
 A = Elapsed time spent in this place.
 B = Non-inter-level travel time spent in this place.
 C = Inter-level travel time spent in this place.
 D = Time resting spent in this place.
 E = Time spent auto-exploring this place.
 F = Levels seen in this place.
 G = Mean time per level.
                   A        B        C        D        E       F      G
               +--------+--------+--------+--------+--------+-----+--------+
         Total |   4079 |   4020 |     59 |    579 |   2674 |   4 | 1019.8 |
       Dungeon |   4079 |   4020 |     59 |    579 |   2674 |   4 | 1019.8 |
               +--------+--------+--------+--------+--------+-----+--------+

Top non-repeatable levels by time:
     D:2: 1328 daAuts
     D:1: 1211 daAuts
     D:3: 1150 daAuts
     D:4: 389 daAuts
